 Dungeon Crawl Stone Soup version 0.29-a0-330-g52719c12eb (webtiles) character file.

Game seed: 10656950837944423255

3027 Gwenloh the Skirmisher (level 10, -5/80 HPs)
             Began as a Human Fighter on May 10, 2022.
             Was an Initiate of Uskayaw.
             Slain by an orc warrior
             ... wielding a +0 halberd
              (9 damage)
             ... on level 7 of the Dungeon.
             The game lasted 00:16:36 (8322 turns).

Gwenloh the Skirmisher (Human Fighter)              Turns: 8322, Time: 00:16:37

Health: -5/80      AC:  8    Str: 16    XL:     10   Next: 10%
Magic:  12/14      EV:  9    Int: 11    God:    Uskayaw [......]
Gold:   286        SH:  6    Dex: 15    Spells: 9/9 levels left

rFire   . . .      SeeInvis .   a - +8 falchion "Eruro" {venom, rElec Will+}
rCold   . . .      Faith    .   c - +0 buckler
rNeg    . . .      Spirit   .   x - +0 scale mail
rPois   .          Reflect  .   (no helmet)
rElec   +          Harm     .   (no cloak)
rCorr   .          Rampage  .   (no gloves)
Will    +....                   (no boots)
Stlth   ..........              (no amulet)
HPRegen 0.23/turn               (no ring)
MPRegen 0.14/turn               (no ring)

@: mighty
A: no striking features
a: Renounce Religion


You were on level 7 of the Dungeon.
You worshipped Uskayaw.
Uskayaw was noncommittal.
You visited 2 branches of the dungeon, and saw 8 of its levels.

You collected 286 gold pieces.

Inventory:

Hand Weapons
 a - the +8 falchion "Eruro" (weapon) {venom, rElec Will+}
   (You found it on level 3 of the Dungeon)

   It poisons the flesh of those it strikes.
   rElec:     It insulates you from electricity.
   Will:      It increases your willpower.
 b - a +0 hunting sling
 o - a +3 quarterstaff of chaos
 q - a +2 mace of protection
 t - a +0 long sword
Missiles
 f - 145 stones (quivered)
 w - 3 curare-tipped darts
 E - 8 boomerangs
Armour
 c - a +0 buckler (worn)
 p - a +0 cloak
 x - a +0 scale mail (worn)
 y - the +0 ring mail "Ompithull" {Str+5}
   (You found it on level 4 of the Dungeon)

   Str:       It affects your strength (+5).
 O - +0 steam dragon scales
Jewellery
 h - a +4 ring of evasion
 C - a ring of ice
 H - a +6 ring of intelligence
 P - a ring of fire
Wands
 l - a wand of paralysis (19)
 r - a wand of iceblast (2)
 K - a wand of mindburst (18)
Scrolls
 e - 3 scrolls of vulnerability {unknown}
 i - a scroll of fear {unknown}
 k - 2 scrolls of brand weapon {unknown}
 s - 4 scrolls of identify {unknown}
 u - a scroll of enchant weapon {unknown}
 v - 3 scrolls of teleportation {unknown}
 B - a scroll of magic mapping {unknown}
 F - a scroll of silence {unknown}
 G - a scroll of noise {unknown}
 J - 2 scrolls of holy word {unknown}
Potions
 g - 4 potions of curing {unknown}
 j - a potion of resistance {unknown}
 m - a potion of lignification {unknown}
 n - 2 potions of haste {unknown}
 z - a potion of berserk rage {unknown}
 A - a potion of invisibility {unknown}
 D - a potion of mutation {unknown}
 I - a potion of flight {unknown}
 L - a potion of ambrosia {unknown}
 N - 2 potions of magic {unknown}
Miscellaneous
 M - a phial of floods


   Skills:
 + Level 7.8 Fighting
 - Level 2.0 Long Blades
 + Level 7.7 Armour
 + Level 7.7 Shields
 + Level 5.4 Invocations


You had 9 spell levels left.
You didn't know any spells.
Your spell library contained the following spells:

 Spells                   Type           Power      Damage    Failure   Level
 Magic Dart               Conj           0%         1d3       80%         1
 Sting                    Tmut/Pois      0%         1d3       80%         1
 Poisonous Vapours        Pois/Air       0%         N/A       90%         2
 Searing Ray              Conj           0%         2d4       90%         2
 Static Discharge         Conj/Air       0%         N/A       90%         2
 Sublimation of Blood     Necr           0%         N/A       90%         2
 Airstrike                Air            0%         N/A       100%        4
 Dispel Undead            Necr           0%         3d6       100%        4
 Fulminant Prism          Conj/Hex       0%         3d6       100%        4
 Olgreb's Toxic Radiance  Pois           0%         N/A       100%        4
 Petrify                  Tmut/Erth      0%         N/A       100%        4
 Sticky Flame             Conj/Fire      0%         2d3       100%        4
 Summon Lightning Spire   Summ/Air       0%         N/A       100%        4
 Irradiate                Conj/Tmut      0%         3d13      100%        5
 Lightning Bolt           Conj/Air       0%         1d11      100%        5


Dungeon Overview and Level Annotations

Branches:
Dungeon (7/15)             Temple (1/1) D:4

Altars:
Ashenzari
Cheibriados
Dithmenos
Elyvilon
Fedhas
Gozag
Hepliaklqana
Kikubaaqudgha
Makhleb
Nemelex Xobeh
Okawaru
Qazlal
Ru
Sif Muna
Trog
Uskayaw
Vehumet
Wu Jian
Xom
Yredelemnul
Zin

Annotations:
D:5 2 transporters


Message History

The orc priest is almost dead.
The orc priest hits you with a +0 whip.
You barely miss the orc priest.
The orc priest is almost dead.
You block the orc priest's attack. The orc priest completely misses you.
You barely miss the orc priest.
The orc priest is almost dead.
An orc warrior comes into view. It is wielding a +0 halberd.
The orc priest hits you but does no damage.
You stomp with the beat, sending a shockwave through the revellers around you!
You kill the orc priest!
You can no longer stomp with the beat.
The orc warrior shouts!
An orc priest comes into view. It is wielding a +0 short sword.
The orc warrior hits you with a +0 halberd!
The orc priest invokes the aid of Beogh against you.
Beogh smites you!
The orc warrior hits you with a +0 halberd!
The orc priest mumbles some strange prayers to Beogh against you.
Beogh smites you! The orc warrior barely misses you.
You are too injured to fight recklessly!
You hit the orc priest.
The orc priest is poisoned.
The orc priest is lightly wounded.
The orc priest hits you with a +0 short sword.
The orc warrior hits you with a +0 halberd!!
* * * LOW HITPOINT WARNING * * *
Okay, then.
Unknown command.
Okay, then.
Unknown command.
You feel very mighty all of a sudden. The orc priest barely misses you.
The orc warrior hits you with a +0 halberd.
* * * LOW HITPOINT WARNING * * *
You closely miss the orc warrior.
The orc priest hits you but does no damage.
The orc warrior closely misses you.
You barely miss the orc warrior. You block the orc priest's attack.
The orc warrior hits you with a +0 halberd!
You die...

#. .....### #... ..
#..#...###..... ..##
##.#..#.....#...
...######..#.###........
#....#.#....# ##.......#
##.........)###.........
#........#.)##.........
##..#....##...o........
#..##......#..@o......
#.†.##................
##...#......#.........
###....#....##..........
............#...##......
................# ......
####..##...^..... ......
#..# ......... ....##
###..# ...


You could see an orc warrior and an orc priest (very poisoned).

Vanquished Creatures
  A troll (D:6)
  A hornet (D:6)
  A steam dragon (D:7)
  A water moccasin (D:7)
  A sky beast (D:6)
  An orc warrior (D:6)
  2 black bears
  3 ice beasts
  2 ogres
  4 centaurs
  A kobold brigand (D:7)
  2 phantoms
  A scorpion (D:6)
  2 necrophages
  A lava snake (D:7)
  2 hounds
  A jelly (D:5)
  5 orc priests
  Crazy Yiuf (D:2)
  Ijyb (D:3)
  4 iguanas
  8 orc wizards
  8 adders
  2 ufetubi
  A dart slug (D:1)
  29 orcs
  7 ball pythons
  7 bats
  7 endoplasms
  A giant cockroach (D:1)
  15 goblins
  9 hobgoblins
  6 jackals
  2 quokkas
  10 kobolds
  4 rats
154 creatures vanquished.

Vanquished Creatures (others)
  A rat (D:3)
1 creature vanquished.

Grand Total: 155 creatures vanquished

Notes
Turn   | Place    | Note
-------+----------+-------------------------------------------
     0 | D:1      | Gwenloh the Human Fighter began the quest for the Orb.
     0 | D:1      | Reached XP level 1. HP: 18/18 MP: 1/1
   250 | D:1      | Reached XP level 2. HP: 19/24 MP: 2/2
   375 | D:1      | Found a faded altar of an unknown god.
   603 | D:1      | Reached XP level 3. HP: 29/29 MP: 3/3
  1021 | D:2      | Reached XP level 4. HP: 34/37 MP: 4/4
  1218 | D:2      | Found a runed translucent door.
  1219 | D:2      | Noticed Crazy Yiuf
  1677 | D:2      | Killed Crazy Yiuf
  1678 | D:2      | Reached XP level 5. HP: 40/42 MP: 5/5
  1768 | D:3      | Noticed Ijyb
  2282 | D:3      | Killed Ijyb
  2730 | D:3      | Identified the +8 falchion "Eruro" {venom, rElec Will+}
  3063 | D:4      | Identified the +0 ring mail "Ompithull" {Str+5}
  3106 | D:4      | Reached XP level 6. HP: 38/49 MP: 6/6
  3227 | D:4      | Reached XP level 7. HP: 16/55 MP: 7/7
  3278 | D:4      | Identified the +0 ring mail "Qema" {Harm *Corrode +Inv
                  | SInv}
  3462 | D:4      | Reached skill level 5 in Fighting
  3462 | D:4      | Reached skill level 5 in Armour
  3462 | D:4      | Reached skill level 5 in Shields
  3665 | D:4      | Found a staircase to the Ecumenical Temple.
  4376 | Temple   | Entered the Ecumenical Temple
  4570 | Temple   | Became a worshipper of Uskayaw the Reveller
  4600 | D:5      | Entered Level 5 of the Dungeon
  4638 | D:5      | Reached * piety under Uskayaw
  4641 | D:5      | Reached XP level 8. HP: 32/64 MP: 4/8
  4849 | D:5      | Reached ** piety under Uskayaw
  4966 | D:5      | Reached *** piety under Uskayaw
  4969 | D:5      | Reached **** piety under Uskayaw
  4970 | D:5      | Reached skill level 1 in Invocations
  5121 | D:5      | Found a transporter.
  5122 | D:5      | Noticed a wraith
  5124 | D:5      | Noticed a two-headed ogre
  5146 | D:5      | Found a transporter.
  5149 | D:5      | Found a stormy altar of Qazlal.
  5149 | D:5      | Found a glowing silver altar of Zin.
  5149 | D:5      | Noticed a yak
  5994 | D:6      | Found a white marble altar of Elyvilon.
  6004 | D:6      | Reached XP level 9. HP: 39/71 MP: 9/11
  6365 | D:6      | Noticed a troll
  6372 | D:6      | Killed a troll
  6850 | D:6      | Noticed a hornet
  6858 | D:6      | Killed a hornet
  7284 | D:7      | Reached skill level 5 in Invocations
  7507 | D:7      | Reached XP level 10. HP: 35/79 MP: 9/13
  8320 | D:7      | HP: 3/80 [orc warrior/+0 halberd (6)]
  8322 | D:7      | Slain by an orc warrior

Illustrated notes

Levels and vault maps discovered:
D:1:      roderic_crossed_star, layout_rooms,
          shapermc_ecumenical_altar_mp_highgroup, serial_glass, glass_columns_b,
          glass_columns_b, corner_web_ring, ebering_dispersal_statue_hall
D:2:      layout_loops_ring, minmay_splitting_lines, uniq_crazy_yiuf_cottage
D:3:      kennysheep_the_goblin_king, layout_basic, minivault_23
D:4:      layout_gridville, minmay_temple_entry_slanted, st_stairs_1,
          minmay_misc_feat_iff, minmay_ruptured
D:5:      layout_basic, gammafunk_temple_overflow_arena, serial_rivers,
          chequers_serial_rivers_marsh, chequers_serial_rivers_micro_e,
          chequers_serial_rivers_micro_e, chequers_serial_rivers_room_a,
          chequers_serial_rivers_room_a, eino_tiny_chamber, serial_park_tiny_1
D:6:      layout_rooms, overflow_temple_1_default
D:7:      layout_layer_cave, kennysheep_opposing_triangles
Temple:   regret_index_temple_mists

Skill      XL: |  1  2  3  4  5  6  7  8  9 |
---------------+----------------------------+-----
Fighting       | 4 5 6 7 |  7.8
Armour         | 4 5 6 7 |  7.7
Shields        | 4 5 6 7 |  7.7
Invocations    | 3 5 |  5.4
Long Blades    | |  2.0

Action                   |  1- 3 |  4- 6 |  7- 9 | 10-12 || total
-------------------------+-------+-------+-------+-------++-------
Melee: Long sword        |    76 |    23 |       |       ||    99
       Mace              |       |    62 |       |       ||    62
       Falchion          |       |    33 |   206 |    30 ||   269
 Fire: Hunting sling     |       |    10 |       |       ||    10
Throw: Stone             |    32 |    70 |    72 |     8 ||   182
       Dart              |     4 |       |       |       ||     4
Invok: Stomp             |       |       |     6 |     1 ||     7
Evoke: Wand              |       |     4 |    15 |       ||    19
  Use: Potion            |       |       |     2 |     1 ||     3
 Stab: Paralysed         |       |     6 |    12 |     1 ||    19
Armor: Scale mail        |    37 |    63 |   110 |     7 ||   217
Dodge: Dodged            |    29 |    53 |   111 |    14 ||   207
Block: Buckler           |    26 |    17 |    71 |    11 ||   125

Table legend: (Time is in decaauts)
 A = Elapsed time spent in this place.
 B = Non-inter-level travel time spent in this place.
 C = Inter-level travel time spent in this place.
 D = Time resting spent in this place.
 E = Time spent auto-exploring this place.
 F = Levels seen in this place.
 G = Mean time per level.
                   A        B        C        D        E       F      G
               +--------+--------+--------+--------+--------+-----+--------+
         Total |   8544 |   8236 |    308 |    403 |   6376 |   8 | 1068.0 |
       Dungeon |   8266 |   7979 |    287 |    403 |   6194 |   7 | 1180.9 |
        Temple |    278 |    257 |     21 |      0 |    182 |   1 |  278.0 |
               +--------+--------+--------+--------+--------+-----+--------+

Top non-repeatable levels by time:
     D:6: 1518 daAuts
     D:3: 1318 daAuts
     D:4: 1232 daAuts
     D:5: 1141 daAuts
     D:7: 1114 daAuts
     D:2: 1067 daAuts
     D:1: 873 daAuts
  Temple: 278 daAuts
